 Dungeon Crawl Stone Soup version 0.21.1-1-g345015f (webtiles) character file.

84 tidbits the Chiller (level 4, 32/32 HPs)
             Began as a Gnoll Ice Elementalist on Mar 29, 2018.
             Quit the game on level 2 of the Dungeon.
             The game lasted 00:04:18 (486 turns).

tidbits the Chiller (Gnoll Ice Elementalist)         Turns: 486, Time: 00:04:19

Health: 32/32      AC:  2    Str: 10    XL:     4   Next: 45%
Magic:  10/11      EV: 15    Int: 18    God:
Gold:   59         SH:  0    Dex: 16    Spells: 7/13 levels left

rFire    . . .     SeeInvis .   a - +4 dagger
rCold    . . .     Gourm    .   (no shield)
rNeg     . . .     Faith    .   B - +0 robe (curse)
rPois    .         Spirit   .   (no helmet)
rElec    .         Reflect  .   (no cloak)
rCorr    .         Harm     .   (no gloves)
MR       .....                  (no boots)
Stlth    +++.......             (no amulet)
HPRegen  0.10/turn              (no ring)
MPRegen  0.12/turn              (no ring)

@: no status effects
A: distributed training, fangs 1, strong nose
a: no special abilities


You were on level 2 of the Dungeon.
You were not hungry.

You visited 1 branch of the dungeon, and saw 3 of its levels.

You collected 59 gold pieces.

Inventory:

Hand Weapons
 a - a +4 dagger (weapon)
 e - a +0 hunting sling
 h - a +1 flail of holy wrath
   (You took it off an orc on level 3 of the Dungeon)
Missiles
 d - a stone (quivered)
Armour
 f - a +0 robe
 g - a +0 pair of boots
 i - a cursed +0 ring mail
 B - a cursed +0 robe (worn)
Potions
 j - a potion of heal wounds {unknown}
Books
 b - a book of Frost

   Spells                             Type                      Level
   a - Freeze                         Ice                          1
   b - Throw Frost                    Conjuration/Ice              2
   c - Ozocubu's Armour               Charms/Ice                   3
   d - Throw Icicle                   Conjuration/Ice              4
   e - Summon Ice Beast               Ice/Summoning                4
Comestibles
 c - 2 rations


   Skills:
 + Level 1.1 Fighting
 + Level 1.1 Short Blades
 + Level 1.1 Long Blades
 + Level 1.1 Axes
 + Level 1.1 Maces & Flails
 + Level 1.1 Polearms
 + Level 1.1 Staves
 + Level 1.1 Slings
 + Level 1.1 Bows
 + Level 1.1 Crossbows
 + Level 1.1 Throwing
 + Level 1.1 Armour
 + Level 4.6 Dodging
 + Level 4.2 Stealth
 + Level 1.1 Shields
 + Level 1.1 Unarmed Combat
 + Level 5.1 Spellcasting
 + Level 2.2 Conjurations
 + Level 0.9 Hexes
 + Level 0.9 Charms
 + Level 0.9 Summonings
 + Level 0.9 Necromancy
 + Level 0.9 Translocations
 + Level 0.9 Transmutations
 + Level 0.9 Fire Magic
 + Level 5.4 Ice Magic
 + Level 0.9 Air Magic
 + Level 0.9 Earth Magic
 + Level 0.9 Poison Magic
 + Level 1.2 Invocations
 + Level 1.1 Evocations


You had 7 spell levels left.
You knew the following spells:

 Your Spells              Type           Power        Failure   Level  Hunger
a - Freeze                Ice            ###.         1%          1    None
j - Throw Frost           Conj/Ice       ###...       4%          2    #......
o - Ozocubu's Armour      Chrm/Ice       ###.....     11%         3    ##.....


Dungeon Overview and Level Annotations

Branches:
Dungeon (3/15)

Altars:
Sif Muna
Yredelemnul


Innate Abilities, Weirdness & Mutations

Your experience applies equally to all skills.
You have very sharp teeth.
Your uncanny sense of smell can sniff out nearby items.


Message History

There is an open door here.
Found 4 gold pieces.
Found a green potion.
You see here 4 gold pieces.
You now have 49 gold pieces (gained 4).
You see here a green potion.
j - a green potion You open the door.
There is an open door here.
Unknown command.
As you read the scroll labeled GOQAUS FAWI, it crumbles to dust.
You feel strangely unstable.
It was a scroll of teleportation.
Unknown command.
Unknown command.
Your surroundings suddenly seem different.
There is a fountain of clear blue water here.
The helpless bat fails to defend itself.
You puncture the bat!
You kill the bat!
A rat comes into view.
The rat moves out of view.
An ooze comes into view.
The rat bites you.
Unknown command.
You completely miss the rat. The rat closely misses you.
You hit the rat.
You kill the rat!
The ooze closely misses you.
You hit the ooze.
The ooze is moderately wounded.
The ooze barely misses you.
Casting: Freeze
Confirm with . or Enter, or press ? or * to list all spells.
Aiming: Freeze
Press: ? - help, Shift-Dir - straight line, f - ooze
Aim: an ooze (moderately wounded)
You freeze the ooze.
The ooze is heavily wounded.
The ooze closely misses you.
Casting: Freeze
Confirm with . or Enter, or press ? or * to list all spells.
Aiming: Freeze
Press: ? - help, Shift-Dir - straight line, f/p - ooze
Aim: an ooze (heavily wounded)
You freeze the ooze.
You kill the ooze!
The bat hits you but does no damage.
Casting: Freeze
Confirm with . or Enter, or press ? or * to list all spells.
Aiming: Freeze
Press: ? - help, Shift-Dir - straight line, f - bat
Aim: a bat You freeze the bat.
You kill the bat!
Unknown command.
There is a fountain of clear blue water here.
There is a fountain of clear blue water here.
Found 24 stones.
Found 10 gold pieces.
Found a dagger and a falchion.
Found 21 stones.
Found an escape hatch in the floor.
Unknown command. 2 kobolds come into view.
The kobold shouts! x2
The kobold throws a stone.
The stone barely misses you.
The kobold throws a stone.
The stone barely misses you.
You see here 2 stones.
The kobold throws a stone.
The stone hits you but does no damage.
Things that are here:
a stone; 10 gold pieces
d - a stone You now have 59 gold pieces (gained 10).
The kobold throws a stone.
The stone closely misses you. The kobold closely misses you.
Casting: Freeze
Confirm with . or Enter, or press ? or * to list all spells.
Aiming: Freeze
Press: ? - help, Shift-Dir - straight line, f - kobold
Aim: a kobold, wielding a whip You freeze the kobold.
You kill the kobold!
The kobold closely misses you.
Casting: Freeze
Confirm with . or Enter, or press ? or * to list all spells.
Aiming: Freeze
Press: ? - help, Shift-Dir - straight line, f - kobold
Aim: a kobold, wielding a club You freeze the kobold.
You kill the kobold!
Things that are here:
a club; a kobold corpse You found a teleport trap!
Things that are here:
a falchion; a ration
c - 2 rations (gained 1) Really walk into that teleport trap?
You enter a teleport trap!
The teleport trap disappears.
Your surroundings suddenly seem different.
Unknown command.
Are you sure you want to abandon this character and quit the game? (Confirm with "yes".)

#♣.♣.♣.♣.♣†♣.♣.♣......(..#
#.⌠...⌠...⌠...⌠......#####
#♣.♣.♣.♣.♣.♣.♣.♣.....#
#...⌠...⌠...⌠........#
#♣.♣.♣.♣.♣.♣.♣.♣.#####
.⌠...⌠...⌠...⌠..#
♣.♣.♣.♣.♣.♣.♣.♣.#
#...⌠...⌠...⌠....#
#♣.♣.♣.♣.♣.♣@♣.♣.#
#.⌠...⌠...⌠...⌠..#
##.♣.♣.♣.♣.♣.♣...#
#..............##
###############


There were no monsters in sight!

Vanquished Creatures
  An orc wizard (D:3)
  A gnoll (D:1)
  An ooze (D:2)
  A worm (D:2)
  3 leopard geckos
  4 orcs (D:3)
  2 goblins (D:1)
  2 hobgoblins (D:1)
  6 kobolds
  A quokka (D:2)
  6 bats
  A frilled lizard (D:1)
  2 rats
31 creatures vanquished.

Notes
Turn   | Place    | Note
-------+----------+-------------------------------------------
     0 | D:1      | tidbits the Gnoll Ice Elementalist began the quest for the Orb.
     0 | D:1      | Reached XP level 1. HP: 13/13 MP: 6/6
    58 | D:1      | Reached skill level 2 in Conjurations
    67 | D:1      | Reached XP level 2. HP: 17/19 MP: 5/7
   133 | D:1      | Reached XP level 3. HP: 13/25 MP: 7/9
   137 | D:1      | Learned a level 2 spell: Throw Frost
   141 | D:1      | Learned a level 3 spell: Ozocubu's Armour
   304 | D:3      | Found a basalt altar of Yredelemnul.
   304 | D:3      | Found a deep blue altar of Sif Muna.
   308 | D:3      | Reached skill level 5 in Spellcasting
   323 | D:3      | Reached skill level 1 in Fighting
   323 | D:3      | Reached skill level 1 in Short Blades
   323 | D:3      | Reached skill level 1 in Long Blades
   323 | D:3      | Reached skill level 1 in Axes
   323 | D:3      | Reached skill level 1 in Maces & Flails
   323 | D:3      | Reached skill level 1 in Polearms
   323 | D:3      | Reached skill level 1 in Staves
   323 | D:3      | Reached skill level 1 in Slings
   323 | D:3      | Reached skill level 1 in Bows
   323 | D:3      | Reached skill level 1 in Crossbows
   323 | D:3      | Reached skill level 1 in Throwing
   323 | D:3      | Reached skill level 1 in Armour
   323 | D:3      | Reached skill level 1 in Shields
   323 | D:3      | Reached skill level 1 in Unarmed Combat
   323 | D:3      | Reached skill level 1 in Invocations
   323 | D:3      | Reached skill level 1 in Evocations
   323 | D:3      | Reached XP level 4. HP: 23/32 MP: 6/11
   486 | D:2      | Quit the game

Skill      XL: |  1  2  3 |
---------------+----------+-----
Conjurations   | 2 |  2.2
Spellcasting   | 5 |  5.1
Fighting       | 1 |  1.1
Short Blades   | 1 |  1.1
Long Blades    | 1 |  1.1
Axes           | 1 |  1.1
Maces & Flails | 1 |  1.1
Polearms       | 1 |  1.1
Staves         | 1 |  1.1
Slings         | 1 |  1.1
Bows           | 1 |  1.1
Crossbows      | 1 |  1.1
Throwing       | 1 |  1.1
Armour         | 1 |  1.1
Shields        | 1 |  1.1
Unarmed Combat | 1 |  1.1
Invocations    | 1 |  1.2
Evocations     | 1 |  1.1
Dodging        | |  4.6
Stealth        | |  4.2
Hexes          | |  0.9
Charms         | |  0.9
Summonings     | |  0.9
Necromancy     | |  0.9
Translocations | |  0.9
Transmutations | |  0.9
Fire Magic     | |  0.9
Ice Magic      | |  5.4
Air Magic      | |  0.9
Earth Magic    | |  0.9
Poison Magic   | |  0.9

Action                   |  1- 3 |  4- 6 || total
-------------------------+-------+-------++-------
Melee: Dagger            |    25 |    11 ||    36
       Unarmed           |     1 |       ||     1
       Bite              |     3 |       ||     3
 Cast: Freeze            |    12 |    13 ||    25
  Use: Scroll            |     2 |     1 ||     3
 Stab: Sleeping          |     5 |     3 ||     8
Armor: Robe              |     6 |     1 ||     7
Dodge: Dodged            |    24 |    14 ||    38

Table legend:
 A = Turns spent in this place as a percentage of turns spent in the entire game.
 B = Non-inter-level travel turns spent in this place as a percentage of non-inter-level travel turns spent in the entire game.
 C = Inter-level travel turns spent in this place as a percentage of turns spent in this place.
 D = Turns resting spent in this place as a percentage of non-inter-level travel turns spent in this place.
 E = Turns spent auto-exploring this place as a percentage of non-inter-level travel turns spent in this place.
 F = Non-inter-level travel turns spent in this place divided by the number of levels of this place that you've seen.
                   A       B       C       D       E      F
               +-------+-------+-------+-------+-------+----------------------
         Total | 100.0 | 100.0 |   3.3 |   0.0 |   0.0 | 156.7
       Dungeon | 100.0 | 100.0 |   3.3 |   0.0 |   0.0 | 156.7
               +-------+-------+-------+-------+-------+----------------------

Table legend:
 A = Kills in this place as a percentage of kills in entire the game.
 B = Kills by you in this place as a percentage of kills by you in the entire game.
 C = Kills by friends in this place as a percentage of kills by friends in the entire game.
 D = Other kills in this place as a percentage of other kills in the entire game.
 E = Experience gained in this place as a percentage of experience gained in the entire game.
 F = Experience gained in this place divided by the number of levels of this place that you have seen.
                   A       B       C       D       E      F
               +-------+-------+-------+-------+-------+----------------------
         Total | 100.0 | 100.0 |   N/A |   N/A | 100.0 |  40.0
       Dungeon | 100.0 | 100.0 |   N/A |   N/A | 100.0 |  40.0
               +-------+-------+-------+-------+-------+----------------------

Vault maps used:
D:1:      dpeg_arrival_chambers_temple_mockup
D:2:      first_ration, minmay_liquid_box, kennysheep_crisscross
D:3:      nicolae_tso_carved_into_rock, nicolae_overflow_crystal_walls,
          amethyst_overflow_temple_binary
